3AA
SQUIRREL HILL PIEROGIS @ MARQUETTE MINERS
09/16/2041
 
TOP OF THE 1ST
Squirrel Hill Pierogis batting - Pitching for Marquette Miners : RHP Eric Manchester
Pitching: RHP Eric Manchester
Batting: LHB Luis Escribano 0-0: Ball
1-0: Called Strike
1-1: Foul Ball, location: 2F
1-2: Foul Ball, location: 2F
1-2: Strikes out swinging
Batting: RHB Ramón Gabriel 0-0: Ball
1-0: Ball
2-0: Ground out 4-3 (Groundball, 4M, EV 102.5 MPH)
Batting: SHB Aubrey Magee 0-0: Ball
1-0: Ball
2-0: Swinging Strike
2-1: Swinging Strike
2-2: Foul Ball, location: 2F
2-2: Strikes out swinging, 2-3 out at first.
Top of the 1st over - 0 runs, 0 hits, 0 errors, 0 left on base; Squirrel Hill 0 - Marquette 0
BOTTOM OF THE 1ST
Marquette Miners batting - Pitching for Squirrel Hill Pierogis : LHP Jerry Reid
Pitching: LHP Jerry Reid
Batting: RHB Jesús Méndez 0-0: Ball
1-0: SINGLE (Groundball, 15, EV 66.2 MPH) (infield hit)
Batting: RHB Martin Payton 0-0: Called Strike
0-1: Ball
1-1: SINGLE (Line Drive, 78M, EV 88.8 MPH)
Jesús Méndez to second
Batting: LHB Wyatt Quick 0-0: Called Strike
0-1: Called Strike
0-2: Ball
Passed Ball!
Jesús Méndez to third
Martin Payton to second
1-2: Ball
2-2: Foul Ball, location: 2F
2-2: Fly out, F7 (Flyball, 78D, EV 108.8 MPH)
Runner from 3rd tags up, SCORES, no throw by LF
Batting: RHB Kiril Neuvel 0-0: Called Strike
0-1: Fly out, F6 (Popup, P, EV 76.2 MPH)
Batting: LHB Steve Chittick 0-0: Called Strike
0-1: Foul Ball, location: 2F
0-2: Ball
1-2: Strikes out looking
Bottom of the 1st over - 1 run, 2 hits, 0 errors, 1 left on base; Squirrel Hill 0 - Marquette 1
TOP OF THE 2ND
Squirrel Hill Pierogis batting - Pitching for Marquette Miners : RHP Eric Manchester
Batting: RHB Franck Morel 0-0: SINGLE (Line Drive, 9LS, EV 108.8 MPH)
Batting: LHB Adam Bisset 0-0: Ball
1-0: Called Strike
1-1: Fly out, F4 (Popup, 4, EV 80.0 MPH)
Batting: RHB Barend Huijbregts 0-0: Swinging Strike
0-1: Ball
1-1: Swinging Strike
1-2: Strikes out looking
Batting: LHB Ramiro Palmeiro 0-0: Ball
1-0: Ball
2-0: Foul Ball, location: 2F
2-1: Foul Ball, location: 2F
2-2: Ball
3-2: Strikes out swinging
Top of the 2nd over - 0 runs, 1 hit, 0 errors, 1 left on base; Squirrel Hill 0 - Marquette 1
BOTTOM OF THE 2ND
Marquette Miners batting - Pitching for Squirrel Hill Pierogis : LHP Jerry Reid
Batting: RHB Kent Potter 0-0: Ball
1-0: Foul Ball, location: 2F
1-1: Called Strike
1-2: Foul Ball, location: 2F
1-2: Ball
2-2: Ball
3-2: Strikes out swinging
Batting: RHB Andy Noonkester 0-0: Foul Ball, location: 2F
0-1: Swinging Strike
0-2: Strikes out swinging
Batting: SHB Carl Saunders 0-0: Called Strike
0-1: Ball
1-1: Ball
2-1: Ground out 5-3 (Groundball, 56S, EV 81.9 MPH)
Bottom of the 2nd over - 0 runs, 0 hits, 0 errors, 0 left on base; Squirrel Hill 0 - Marquette 1
TOP OF THE 3RD
Squirrel Hill Pierogis batting - Pitching for Marquette Miners : RHP Eric Manchester
Batting: RHB Cristóbal Arteaga 0-0: Fly out, F8 (Line Drive, 8LM, EV 106.2 MPH)
Batting: RHB Stu Roberts 0-0: Ball
1-0: Called Strike
1-1: Ball
2-1: Ground out 5-3 (Groundball, 56, EV 85.6 MPH)
Batting: LHB Luis Escribano 0-0: Called Strike
0-1: Ball
1-1: Ground out 3-1 (Groundball, 34, EV 106.9 MPH)
Top of the 3rd over - 0 runs, 0 hits, 0 errors, 0 left on base; Squirrel Hill 0 - Marquette 1
BOTTOM OF THE 3RD
Marquette Miners batting - Pitching for Squirrel Hill Pierogis : LHP Jerry Reid
Batting: LHB Bob Blough 0-0: Ball
1-0: Ground out 5-3 (Groundball, 56S, EV 73.1 MPH)
Batting: RHB Jesús Méndez 0-0: Fly out, F3 (Popup, 3, EV 63.8 MPH)
Batting: RHB Martin Payton 0-0: Ball
1-0: Called Strike
1-1: Swinging Strike
1-2: Ground out U3 (Groundball, 34, EV 78.8 MPH)
Bottom of the 3rd over - 0 runs, 0 hits, 0 errors, 0 left on base; Squirrel Hill 0 - Marquette 1
TOP OF THE 4TH
Squirrel Hill Pierogis batting - Pitching for Marquette Miners : RHP Eric Manchester
Batting: RHB Ramón Gabriel 0-0: Foul Ball, location: 2F
0-1: Ball
1-1: Called Strike
1-2: SINGLE (Groundball, 34D, EV 96.2 MPH)
Batting: SHB Aubrey Magee 0-0: Called Strike
0-1: Called Strike
0-2: Ball
1-2: Ball
2-2: Fly out, F8 (Line Drive, 8LD, EV 84.4 MPH)
Batting: RHB Franck Morel 0-0: Swinging Strike
0-1: Foul Ball, location: 2F
0-2: Ball
1-2: Foul Ball, location: 2F
1-2: Ball
2-2: Strikes out swinging
Batting: LHB Adam Bisset 0-0: Called Strike
0-1: Swinging Strike
0-2: Foul Ball, location: 2F
0-2: Foul Ball, location: 2F
0-2: Ball
1-2: Foul Ball, location: 2F
1-2: Ball
2-2: Strikes out swinging
Top of the 4th over - 0 runs, 1 hit, 0 errors, 1 left on base; Squirrel Hill 0 - Marquette 1
BOTTOM OF THE 4TH
Marquette Miners batting - Pitching for Squirrel Hill Pierogis : LHP Jerry Reid
Batting: LHB Wyatt Quick 0-0: Ground out U3 (Groundball, 34S, EV 73.8 MPH)
Batting: RHB Kiril Neuvel 0-0: Ball
1-0: Fly out, F9 (Line Drive, 9, EV 90.6 MPH)
Batting: LHB Steve Chittick 0-0: Ball
1-0: Called Strike
1-1: SINGLE (Groundball, 4S, EV 68.8 MPH) (infield hit)
Batting: RHB Kent Potter 0-0: Fly out, F7 (Flyball, 7D, EV 89.4 MPH)
Bottom of the 4th over - 0 runs, 1 hit, 0 errors, 1 left on base; Squirrel Hill 0 - Marquette 1
TOP OF THE 5TH
Squirrel Hill Pierogis batting - Pitching for Marquette Miners : RHP Eric Manchester
Batting: RHB Barend Huijbregts 0-0: Called Strike
0-1: Ball
1-1: Swinging Strike
1-2: Foul Ball, location: 2F
1-2: Ball
2-2: DOUBLE (Groundball, 5L, EV 101.9 MPH)
Batting: LHB Ramiro Palmeiro 0-0: Ground out U3 (Groundball, 3, EV 80.6 MPH)
Barend Huijbregts to third
Batting: RHB Cristóbal Arteaga 0-0: Called Strike
0-1: Foul Ball, location: 2F
0-2: Ball
1-2: Strikes out swinging
Batting: RHB Stu Roberts 0-0: Called Strike
0-1: Swinging Strike
0-2: Ball
1-2: Foul Ball, location: 2F
1-2: Ball
2-2: Strikes out looking
Top of the 5th over - 0 runs, 1 hit, 0 errors, 1 left on base; Squirrel Hill 0 - Marquette 1
BOTTOM OF THE 5TH
Marquette Miners batting - Pitching for Squirrel Hill Pierogis : LHP Jerry Reid
Batting: RHB Andy Noonkester 0-0: Called Strike
0-1: Ball
1-1: Fly out, F9 (Flyball, 9S, EV 85.6 MPH)
Batting: SHB Carl Saunders 0-0: Foul Ball, location: 2F
0-1: Ball
1-1: Ball
2-1: Foul Ball, location: 2F
2-2: Ground out 6-3 (Groundball, 6M, EV 95.6 MPH)
Batting: LHB Bob Blough 0-0: Foul Ball, location: 2F
0-1: Called Strike
0-2: Ball
1-2: Strikes out swinging
Bottom of the 5th over - 0 runs, 0 hits, 0 errors, 0 left on base; Squirrel Hill 0 - Marquette 1
TOP OF THE 6TH
Squirrel Hill Pierogis batting - Pitching for Marquette Miners : RHP Eric Manchester
Batting: LHB Luis Escribano 0-0: Ball
1-0: Ball
2-0: Foul Ball, location: 2F
2-1: Ball
3-1: Base on Balls
Batting: RHB Ramón Gabriel 0-0: Sac Bunt to 15S - play at first, batter OUT! 1-3
Luis Escribano to second
Batting: SHB Aubrey Magee 0-0: Ball
1-0: Ball
2-0: Fly out, F7 (Flyball, 78S, EV 89.4 MPH)
Batting: RHB Franck Morel 0-0: Ball
1-0: Ball
2-0: Called Strike
2-1: Foul Ball, location: 2F
2-2: Fly out, F8 (Flyball, 89D, EV 77.5 MPH)
Top of the 6th over - 0 runs, 0 hits, 0 errors, 1 left on base; Squirrel Hill 0 - Marquette 1
BOTTOM OF THE 6TH
Marquette Miners batting - Pitching for Squirrel Hill Pierogis : LHP Jerry Reid
Batting: RHB Jesús Méndez 0-0: Ball
1-0: Fly out, F8 (Line Drive, 8RM, EV 100.6 MPH)
Batting: RHB Martin Payton 0-0: Ball
1-0: SINGLE (Flyball, 9LS, EV 88.1 MPH)
Batting: LHB Wyatt Quick 0-0: Called Strike
0-1: Fielders Choice at 2nd, 4-6 (Groundball, 4, EV 96.9 MPH)
Batting: RHB Kiril Neuvel 0-0: Reached on error, E6 (Groundball, 6, EV 98.1 MPH)
Wyatt Quick to second
Batting: LHB Steve Chittick 0-0: Called Strike
0-1: Ball
1-1: Foul Ball, location: 2F
1-2: Ball
2-2: Ball
3-2: Foul Ball, location: 2F
3-2: Base on Balls
Wyatt Quick to third
Kiril Neuvel to second
Batting: RHB Kent Potter 0-0: Ball
1-0: Ball
2-0: Foul Ball, location: 2F
2-1: Foul Ball, location: 2F
2-2: Ball
3-2: Foul Ball, location: 2F
3-2: Strikes out swinging
Bottom of the 6th over - 0 runs, 1 hit, 1 error, 3 left on base; Squirrel Hill 0 - Marquette 1
TOP OF THE 7TH
Squirrel Hill Pierogis batting - Pitching for Marquette Miners : RHP Eric Manchester
Batting: LHB Adam Bisset 0-0: Called Strike
0-1: Ball
1-1: SINGLE (Groundball, 34D, EV 98.1 MPH)
Batting: RHB Barend Huijbregts 0-0: Sac Bunt to 5S - play at second, runner OUT! 5-6
Batting: LHB Ramiro Palmeiro 0-0: Foul Ball, location: 2F
0-1: Ball
1-1: Foul Ball, location: 2F
1-2: Ball
2-2: Strikes out looking
Pinch Hitting: SHB Rodrigo Santana 0-0: Ball
1-0: Ball
2-0: Swinging Strike
2-1: Ball
3-1: Swinging Strike
3-2: Strikes out swinging
Top of the 7th over - 0 runs, 1 hit, 0 errors, 1 left on base; Squirrel Hill 0 - Marquette 1
BOTTOM OF THE 7TH
Marquette Miners batting - Pitching for Squirrel Hill Pierogis : LHP Jerry Reid
Now in CF: Jason Pratt
Batting: RHB Andy Noonkester 0-0: Ball
1-0: Ball
2-0: Ground out U3 (Groundball, 34, EV 83.8 MPH)
Batting: SHB Carl Saunders 0-0: Ball
1-0: Called Strike
1-1: Swinging Strike
1-2: Ball
2-2: Ball
3-2: Base on Balls
Pitching: RHP Juan Valseca
Batting: LHB Bob Blough 0-0: Ball
1-0: Called Strike
1-1: DOUBLE (Line Drive, 5D, EV 108.8 MPH)
Carl Saunders to third
Batting: RHB Jesús Méndez 0-0: Called Strike
0-1: SINGLE (Groundball, 34D, EV 106.2 MPH)
Carl Saunders scores
Bob Blough to third
Batting: RHB Martin Payton 0-0: Ball
1-0: Called Strike
1-1: Ball
2-1: Foul Ball, location: 2F
2-2: Ball
3-2: Foul Ball, location: 2F
3-2: Foul Ball, location: 2F
3-2: Strikes out swinging
Batting: LHB Wyatt Quick 0-0: Ball
Jesús Méndez is caught stealing 2nd base 2-6
Bottom of the 7th over - 1 run, 2 hits, 0 errors, 1 left on base; Squirrel Hill 0 - Marquette 2
TOP OF THE 8TH
Squirrel Hill Pierogis batting - Pitching for Marquette Miners : RHP Eric Manchester
Batting: RHB Stu Roberts 0-0: Called Strike
0-1: SINGLE (Groundball, 56D, EV 101.2 MPH)
Batting: LHB Luis Escribano 0-0: Ball
1-0: Ball
2-0: Fly out, F3 (Popup, 3SF, EV 69.4 MPH)
Batting: RHB Ramón Gabriel 0-0: Ball
1-0: Called Strike
1-1: DOUBLE (Line Drive, 9LS, EV 111.9 MPH)
Stu Roberts to third
Pitching: RHP Johnny Eliot
Batting: SHB Aubrey Magee 0-0: Ball
1-0: Foul Ball, location: 2F
1-1: Fly out, F9 (Flyball, 89S, EV 75.0 MPH)
Pitching: LHP Tomás Alfonso
Batting: RHB Franck Morel 0-0: Ball
1-0: Foul Ball, location: 2F
1-1: Swinging Strike
1-2: Fly out, F7 (Flyball, 78D, EV 78.8 MPH)
Top of the 8th over - 0 runs, 2 hits, 0 errors, 2 left on base; Squirrel Hill 0 - Marquette 2
BOTTOM OF THE 8TH
Marquette Miners batting - Pitching for Squirrel Hill Pierogis : RHP Juan Valseca
Batting: LHB Wyatt Quick 0-0: Foul Ball, location: 2F
0-1: Swinging Strike
0-2: Ball
1-2: Ball
2-2: Foul Ball, location: 2F
2-2: Foul Ball, location: 2F
2-2: Strikes out swinging
Batting: RHB Kiril Neuvel 0-0: Ball
1-0: Foul Ball, location: 2F
1-1: Ball
2-1: Fly out, F3 (Popup, 3F, EV 76.9 MPH)
Batting: LHB Steve Chittick 0-0: Ground out 6-3 (Groundball, 6M, EV 82.5 MPH)
Bottom of the 8th over - 0 runs, 0 hits, 0 errors, 0 left on base; Squirrel Hill 0 - Marquette 2
TOP OF THE 9TH
Squirrel Hill Pierogis batting - Pitching for Marquette Miners : LHP Tomás Alfonso
Pitching: RHP Carl Cooper
Batting: LHB Adam Bisset 0-0: Ground out 1-3 (Groundball, 15S, EV 71.9 MPH)
Batting: RHB Barend Huijbregts 0-0: Called Strike
0-1: Ball
1-1: Called Strike
1-2: Foul Ball, location: 2F
1-2: Strikes out swinging
Batting: LHB Ramiro Palmeiro 0-0: Called Strike
0-1: Ball
1-1: DOUBLE (Line Drive, 89M, EV 101.9 MPH)
Pinch Hitting: RHB Jerry Williams 0-0: Ball
1-0: Called Strike
1-1: Ball
2-1: Called Strike
2-2: Ball
3-2: Base on Balls
Pinch Hitting: SHB Ron Carlisle 0-0: Ball
1-0: Foul Ball, location: 2F
1-1: Foul Ball, location: 2F
1-2: Ground out 4-3 (Groundball, 34D, EV 101.9 MPH)
Top of the 9th over - 0 runs, 1 hit, 0 errors, 2 left on base; Squirrel Hill 0 - Marquette 2
Tuesday, January 5th, 2021 - OOTP Baseball 20.8 Build 74